 Dungeon Crawl Stone Soup version 0.31.0-11-ge490571c62 (webtiles) character file.

Game seed: 4661785044124997117

738 qw the Ducker (level 7, -3/35 HPs)
             Began as a Spriggan Hunter on Feb 3, 2024.
             Slain by a gnoll
             ... wielding a +0 flail
             ... led by a gnoll bouda
              (5 damage)
             ... on level 4 of the Dungeon.
             The game lasted 00:00:17 (3209 turns).

qw the Ducker (Spriggan Hunter)                     Turns: 3209, Time: 00:00:17

Health: -3/35      AC:  2    Str:  7    XL:     7   Next: 46%
Magic:  0/8        EV: 24    Int: 11    God:
Gold:   231        SH:  0    Dex: 26    Spells: 6/6 levels left

rFire   . . .        a - +0 shortbow
rCold   . . .        (shield currently unavailable)
rNeg    . . .        c - +0 robe
rPois   +            (helmet restricted)
rElec   .            (no cloak)
rCorr   .            (gloves unavailable)
SInv    +            (boots unavailable)
Will    +....        k - amulet of guardian spirit
Stlth   ++           e - ring of poison resistance
HPRegen 0.25/turn    f - +6 ring of dexterity
MPRegen 0.11/turn

%: guardian spirit
@: very quick
A: very small, no large weapons, unfitting armour, see invisible, speed 3
a: no special abilities


You were on level 4 of the Dungeon.
You visited 1 branch of the dungeon, and saw 4 of its levels.

You collected 253 gold pieces.
You spent 22 gold pieces at shops.


Innate Abilities, Weirdness & Mutations

You are very small and have problems with some larger weapons.
You are too small for most types of armour.
You have supernaturally acute eyesight. (SInv)
You cover ground extremely quickly. (Speed+++)


   Skills:
 - Level 2.8 Fighting
 - Level 7.0 Ranged Weapons
 + Level 7.3 Dodging
 - Level 1.5 Stealth


You had 6 spell levels left.
You didn't know any spells.
Your spell library was empty.

Inventory:

Hand Weapons
 a - a +0 shortbow (weapon)
Armour
 c - a +0 robe (worn)
Jewellery
 e - a ring of poison resistance (left hand)
 f - a +6 ring of dexterity (right hand)
 k - an amulet of guardian spirit (around neck)
Wands
 h - a wand of roots (18)
Scrolls
 b - 2 scrolls of identify
 l - a scroll of enchant weapon {unknown}
 m - a scroll of teleportation {unknown}
 n - a scroll of blinking {unknown}
Potions
 d - a potion of heal wounds {unknown}
 g - a potion of might
 i - a potion of berserk rage {unknown}
 j - a potion of enlightenment
 o - a potion of haste {unknown}

Dungeon Overview and Level Annotations

Branches:
Dungeon (4/15)             Temple (0/1) D:4

Altars:
Fedhas
Ru

Shops:
D:4 ?


Message History

You shoot an arrow. The arrow hits the gnoll!
You kill the gnoll!
The white imp gestures at you. The puff of frost hits you.
The gnoll closely misses you.
Your Ranged Weapons skill increases to level 7!
You shoot an arrow. The arrow barely misses the gnoll.
The arrow hits the gnoll bouda.
The gnoll bouda is almost dead.
You shoot an arrow.
The arrow hits the gnoll bouda but does no damage.
The gnoll bouda is almost dead.
The gnoll completely misses you.
You shoot an arrow. The arrow hits the white imp.
The white imp is moderately wounded.
The gnoll is no longer moving quickly.
The white imp gestures at you. The puff of frost misses you.
The white imp hits you. The white imp freezes you.
You shoot an arrow. The arrow hits the white imp!
You kill the white imp!
The gnoll barely misses you.
You shoot an arrow. The arrow hits the gnoll bouda.
The gnoll bouda is almost dead.
The gnoll completely misses you.
The gnoll bouda hits you with a +0 club!
You shoot an arrow. The arrow hits the gnoll bouda.
You kill the gnoll bouda!
The gnoll misses you.
You shoot an arrow. The arrow hits the gnoll.
The gnoll is heavily wounded.
The gnoll completely misses you.
You shoot an arrow. The arrow hits the gnoll.
The gnoll is heavily wounded.
The gnoll barely misses you.
You shoot an arrow. The arrow hits the gnoll.
The gnoll is moderately wounded.
The gnoll misses you. x2
You shoot an arrow. The arrow hits the gnoll!
The gnoll is almost dead.
The gnoll hits you with a +0 flail.
You die...

#.# #.#~~~~~~ #.# #.#~#.... #.###
### #..~..... #... ..# #..~..g..
#..# ##### #.# #..~...>. #.)#
..... #.# #..~..... #..#
......#.# #)g~..... .).#
......#.# #g# ##.# .._...^.###@#
...#. #...(.# #..#..
#.##......... #..# ..
#.##.##.#.%<. ...####^####.##.#
.# ## ................# .
..#####.##..#####################
..# #..........................
..# ####################%.#####


You could see 2 gnolls.

Vanquished Creatures
  A sky beast (D:4)
  3 scorpions
  A quasit (D:4)
  A hound (D:4)
  A jelly (D:3)
  A gnoll bouda (D:4)
  An iguana (D:4)
  Natasha (thrice) (D:2)
  8 adders
  2 gnolls (D:4)
  A shadow imp (D:4)
  6 white imps (D:4)
  An ufetubus (D:4)
  A ribbon worm (D:3)
  2 dart slugs
  2 orcs
  8 ball pythons
  8 endoplasms
  3 giant cockroaches
  7 hobgoblins
  9 jackals
  3 quokkas
  6 bats
  4 frilled lizards
  8 goblins
  5 kobolds
  4 rats
100 creatures vanquished.

Notes
Turn   | Place    | Note
-------+----------+-------------------------------------------
     0 | D:1      | qw the Spriggan Hunter began the quest for the Orb.
     0 | D:1      | Reached XP level 1. HP: 10/10 MP: 2/2
     0 | D:1      | 0 ||| qw: Version: 0.3-a-157-g843a77d
     0 | D:1      | 0 ||| qw: Game counter: 3812
     0 | D:1      | 0 ||| qw: Melee chars always use a shield: true
     0 | D:1      | 0 ||| qw: God list: Okawaru
     0 | D:1      | 0 ||| qw: Allow faded altars: false
     0 | D:1      | 0 ||| qw: Do Orc after clearing Dungeon:15 true
     0 | D:1      | 0 ||| qw: Do second Lair branch before Depths: true
     0 | D:1      | 0 ||| qw: Lair rune preference: random
     0 | D:1      | 0 ||| qw: Goals: Normal
     0 | D:1      | 0 ||| PLANNING D:1-11
   103 | D:1      | Reached skill level 3 in Dodging
   153 | D:1      | Reached XP level 2. HP: 12/14 MP: 3/3
   606 | D:1      | Reached XP level 3. HP: 9/18 MP: 4/4
   611 | D:1      | HP: 4/18 [jackal (2)]
   817 | D:1      | 817 ||| UPGRADING to ring of poison resistance.
   818 | D:1      | 818 ||| UPGRADING to +6 ring of dexterity.
   819 | D:1      | 819 ||| READING 2 scrolls labelled YSEXKO YBLATAO.
   820 | D:1      | 820 ||| DROPPING scroll of butterflies.
   821 | D:1      | 821 ||| DROPPING scroll of fog.
  1096 | D:2      | Noticed Natasha
  1104 | D:2      | Killed Natasha
  1105 | D:2      | Reached XP level 4. HP: 12/22 MP: 5/5
  1106 | D:2      | 1106 ||| FLEEEEING.
  1258 | D:2      | Noticed Natasha
  1264 | D:2      | Killed Natasha
  1421 | D:2      | Noticed Natasha
  1428 | D:2      | Killed Natasha
  1429 | D:2      | Reached XP level 5. HP: 25/25 MP: 6/6
  1597 | D:2      | 1597 ||| UPGRADING to amulet of guardian spirit.
  1602 | D:2      | 1602 ||| READING scroll labelled VAQUGGA UFIRCH.
  1602 | D:2      | 1602 ||| IDENTIFYING blue potion
  1603 | D:2      | 1603 ||| DRINKING 2 bubbling silvery potions.
  1660 | D:2      | 1660 ||| DRINKING 2 bubbling amethyst potions.
  1661 | D:2      | 1661 ||| DROPPING potion of magic.
  1662 | D:2      | 1662 ||| DROPPING potion of lignification.
  1737 | D:3      | You are sucked into a shaft and drop 1 floor!
  1852 | D:3      | Reached skill level 6 in Dodging
  1950 | D:3      | Found a sacrificial altar of Ru.
  2013 | D:3      | HP: 6/26 [poisoned by a scorpion]
  2255 | D:3      | Reached XP level 6. HP: 32/32 MP: 7/7
  2444 | D:3      | 2444 ||| READING scroll labelled UCYROF ERAOSO.
  2445 | D:3      | 2445 ||| DRINKING 2 viscous yellow potions.
  2657 | D:4      | Reached skill level 6 in Ranged Weapons
  2774 | D:4      | Reached XP level 7. HP: 35/35 MP: 8/8
  2842 | D:4      | Found Mupne's Magic Scroll Emporium.
  2851 | D:4      | 2851 ||| BUYING scroll of identify (22 gold).
  2851 | D:4      | Bought a scroll of identify for 22 gold pieces
  2892 | D:4      | 2892 ||| RETREEEEATING.
  2904 | D:4      | 2904 ||| FLEEEEING.
  2905 | D:4      | 2905 ||| FLEEEEING.
  2906 | D:4      | 2906 ||| FLEEEEING.
  2936 | D:4      | HP: 2/35 [white imp/puff of frost (8)]
  3180 | D:4      | Found a blossoming altar of Fedhas.
  3187 | D:4      | Found a staircase to the Ecumenical Temple.
  3188 | D:4      | 3188 ||| PLANNING TEMPLE
  3193 | D:4      | 3193 ||| RETREEEEATING.
  3204 | D:4      | HP: 1/35 [gnoll bouda/+0 club (10)]
  3209 | D:4      | Slain by a gnoll

Levels and vault maps discovered:
D:1:      sevenhm_arrival_forest_fort_small_4, layout_basic
D:2:      layout_loops_ring, uniq_natasha
D:3:      layout_basic, nicolae_ru_awakened_eye, kennysheep_crisscross,
          minmay_fractal_squares_5
D:4:      lemuel_castle_with_subvaults [lemuel_castle_interior_original],
          layout_basic, lemuel_tele_altar, minmay_temple_entry_water_ring,
          serial_shops, shop, serial_demonic, serial_demonic_e,
          serial_demonic_c, serial_demonic_a, serial_demonic_f,
          serial_demonic_c, serial_demonic_e, serial_demonic_e

Skill      XL: |  1  2  3  4  5  6  7 |
---------------+----------------------+-----
Dodging        | 3 4 5 6 7 |  7.3
Ranged Weapons | 5 6 7 |  7.0
Fighting       | 2 |  2.8
Stealth        | |  1.5

Action                     |  1- 3 |  4- 6 |  7- 9 || total
---------------------------+-------+-------+-------++-------
   Fire: Shortbow          |   117 |   174 |    82 ||   373
    Use: Scroll            |     1 |     2 |       ||     3
         Potion            |       |     3 |       ||     3
 Armour: Robe              |    20 |    36 |    26 ||    82
  Dodge: Dodged            |    50 |   132 |    88 ||   270

Table legend:
 A = Non-vault XP
 B = Vault XP
 C = Vault XP percentage of total XP
 D = Non-vault monster count
 E = Vault monster count
 F = Vault count percentage of total count
                 A         B        C        D         E       F
            +---------+---------+-------+---------+---------+-------
      Total |     843 |     212 |  20.1 |      80 |      20 |  20.0
            +---------+---------+-------+---------+---------+-------
        D:1 |      49 |       0 |   0.0 |      27 |       0 |   0.0
        D:2 |     136 |      35 |  20.5 |      21 |       1 |   4.5
        D:3 |     177 |      23 |  11.5 |      16 |       4 |  20.0
        D:4 |     481 |     154 |  24.3 |      16 |      15 |  48.4
            +---------+---------+-------+---------+---------+-------
